 Dungeon Crawl Stone Soup version 0.30-a0-989-g0d87f670db (webtiles) character file.

Game seed: 2650118594890517716

758 tilp the Sneak (level 7, -2/52 HPs)
             Began as a Vampire Enchanter on Apr 2, 2023.
             Slain by Edmund
             ... wielding a +0 dire flail of protection
              (13 damage)
             ... on level 4 of the Dungeon.
             The game lasted 00:06:19 (3753 turns).

tilp the Sneak (Vampire Enchanter)                  Turns: 3753, Time: 00:06:19

Health: -2/52      AC:  4    Str:  7    XL:     7   Next: 50%
Magic:  15/20      EV: 13    Int: 20    God:
Gold:   61         SH:  0    Dex: 14    Spells: 7/12 levels left

rFire   + . .      SeeInvis +    a - +1 dagger
rCold   + + .      Faith    .    (no shield)
rNeg    . . .      Spirit   .    l - +1 robe {rC+ rF+}
rPois   .          Reflect  .    (no helmet)
rElec   .          Rampage  .    x - +0 cloak
rCorr   .                        (no gloves)
Will    .....                    (no boots)
Stlth   +++                      (no amulet)
HPRegen 0.48/turn                o - ring of protection from cold
MPRegen 0.17/turn                v - ring of magical power

@: healing quickly
A: alive, fangs 3, see invisible, vampiric 2
a: Exsanguinate


You were on level 4 of the Dungeon.
You visited 1 branch of the dungeon, and saw 4 of its levels.

You collected 198 gold pieces.
You spent 137 gold pieces at shops.

Inventory:

Hand Weapons
 a - a +1 dagger (weapon)
Missiles
 d - 3 stones (quivered)
 f - 22 poisoned darts
Armour
 l - a +1 robe of resistance (worn)
 s - a +1 leather armour of poison resistance
 x - a +0 cloak (worn)
Magical Staves
 u - a staff of air
 y - a staff of earth
Jewellery
 o - a ring of protection from cold (left hand)
 v - a ring of magical power (right hand)
 w - an amulet of the acrobat
Wands
 k - a wand of flame (30)
 r - a wand of charming (3)
Scrolls
 e - 2 scrolls of teleportation
 g - 2 scrolls of magic mapping
 m - a scroll of vulnerability {unknown}
 z - a scroll of acquirement {unknown}
 B - a scroll of noise {unknown}
Potions
 b - a potion of might {unknown}
 c - 4 potions of invisibility
 h - 2 potions of brilliance
 i - 6 potions of lignification
 j - 2 potions of attraction
 n - a potion of haste {unknown}
 p - 3 potions of heal wounds
 q - 2 potions of berserk rage {unknown}
 t - a potion of ambrosia {unknown}
 A - a potion of curing {unknown}


   Skills:
 * Level 3.3 Fighting
 * Level 4.7 Short Blades
 + Level 3.5 Dodging
 + Level 6.1 Stealth
 - Level 3.0 Spellcasting
 - Level 6.0 Hexes
 - Level 2.0 Evocations


You had 7 spell levels left.
You knew the following spells:

 Your Spells              Type           Power      Damage    Failure   Level
a - Ensorcelled Hibernat  Hex/Ice        30%        N/A       6%          2
b - Confusing Touch       Hex            27%        N/A       3%          3

Your spell library contained the following spells:

 Spells                   Type           Power      Damage    Failure   Level
 Tukima's Dance           Hex            27%        N/A       3%          3
 Dazzling Flash           Conj/Hex       30%        N/A       12%         3
 Yara's Violent Unravell  Hex/Tmut       7%         3d5       75%         5
 Passage of Golubria      Tloc           3%         N/A       80%         4


Dungeon Overview and Level Annotations

Branches:
Dungeon (4/15)
 Temple: D:4-7

Altars:
Okawaru

Shops:
D:1 ?   D:2 (

Annotations:
D:4 Edmund


Innate Abilities, Weirdness & Mutations

Your natural rate of healing is accelerated.
You have razor-sharp teeth.
You have supernaturally acute eyesight. (SInv)
You are afflicted with vampirism and can become a bat while bloodless.


Message History

Edmund closely misses you.
You barely miss Edmund. You bite Edmund, but do no damage.
Edmund is heavily wounded.
Edmund laughs crazily.
Edmund hits you with a +0 dire flail of protection!
You hit Edmund but do no damage.
Edmund is heavily wounded.
Edmund barely misses you.
You hit Edmund but do no damage.
Edmund is heavily wounded.
You hit Edmund.
Edmund is heavily wounded.
You hit Edmund but do no damage.
Edmund is heavily wounded.
Edmund ponders the situation.
Edmund misses you.
You barely miss Edmund.
Edmund is heavily wounded.
Edmund seems less confused.
Edmund barely misses you.
You hit Edmund.
Edmund is severely wounded.
Casting: Confusing Touch (dangerous; 3% risk of failure)
Confirm with . or Enter, or press ? or * to list all spells.
Your hands begin to glow red.
Edmund hits you with a +0 dire flail of protection!
* * * LOW HITPOINT WARNING * * *
Unknown command.
You closely miss Edmund.
Edmund is severely wounded.
Edmund barely misses you.
You hit Edmund but do no damage.
Edmund appears confused.
You bite Edmund, but do no damage.
Edmund is severely wounded.
Edmund hits you with a +0 dire flail of protection.
* * * LOW HITPOINT WARNING * * *
You strike the helpless Edmund from behind!
You hit Edmund.
Edmund is severely wounded.
Edmund hits you with a +0 dire flail of protection!
You die...

#........######.
###.........#####.
##.##.#.......##..#
#...###.......#....
##... ##...........#
...# #......[[....#
###..###.....[#.##..#
#......##.....#####..
##...@###.......###...
#....@##.....#........
#..........#####..#...
#####.....###.....##..
#......###..#####.
###.........# ##.
#...........## #..
#...##.#....# ##.
##...#.#...## #.


You could see Edmund (confused).

Vanquished Creatures
  Grinder (D:4)
  Sigmund (D:2)
  An ice beast (D:3)
  Crazy Yiuf (D:3)
  Jessica (D:2)
  Ijyb (D:3)
  An iguana (D:4)
  2 orc wizards (D:4)
  Natasha (D:3)
  A gnoll (D:3)
  3 adders (D:3)
  A worm (D:4)
  2 dart slugs
  6 orcs
  9 endoplasms
  5 giant cockroaches
  7 goblins
  8 hobgoblins
  6 jackals
  7 kobolds
  3 quokkas
  4 ball pythons
  3 bats
  A frilled lizard (D:3)
  7 rats
83 creatures vanquished.

Notes
Turn   | Place    | Note
-------+----------+-------------------------------------------
     0 | D:1      | tilp the Vampire Enchanter began the quest for the Orb.
     0 | D:1      | Reached XP level 1. HP: 13/13 MP: 3/3
   245 | D:1      | Reached XP level 2. HP: 20/20 MP: 5/5
   248 | D:1      | Learned a level 2 spell: Ensorcelled Hibernation
   416 | D:1      | Found Siedargh's Magic Scroll Shop.
   565 | D:1      | Reached skill level 1 in Fighting
   590 | D:1      | Gained mutation: You are afflicted with vampirism and can
                  | become a bat while bloodless. [Vampire growth]
   590 | D:1      | Reached XP level 3. HP: 10/26 MP: 1/6
   946 | D:2      | Learned a level 3 spell: Confusing Touch
   988 | D:2      | Noticed Sigmund
  1062 | D:2      | Killed Sigmund
  1063 | D:2      | Reached skill level 5 in Stealth
  1063 | D:2      | Reached skill level 5 in Hexes
  1063 | D:2      | Reached skill level 1 in Evocations
  1063 | D:2      | Reached XP level 4. HP: 16/33 MP: 4/7
  1063 | D:2      | Reached XP level 5. HP: 18/38 MP: 4/8
  1143 | D:2      | Noticed Jessica
  1150 | D:2      | Killed Jessica
  1166 | D:2      | Found Anesy's Antique Weapon Shoppe.
  1617 | D:2      | You fall into a shaft and drop 2 floors!
  1647 | D:4      | Reached XP level 6. HP: 34/44 MP: 1/10
  2110 | D:1      | Bought a scroll of magic mapping for 82 gold pieces
  2110 | D:1      | Bought a scroll of identify for 22 gold pieces
  2242 | D:3      | Found a runed translucent door.
  2243 | D:3      | Noticed Crazy Yiuf
  2373 | D:3      | Found an iron altar of Okawaru.
  2672 | D:3      | Noticed Ijyb
  2684 | D:3      | Noticed Natasha
  2704 | D:3      | Killed Ijyb
  2716 | D:3      | Killed Natasha
  3132 | D:3      | Killed Crazy Yiuf
  3233 | D:1      | Bought a scroll of teleportation for 33 gold pieces
  3369 | D:4      | Noticed Grinder
  3370 | D:4      | Noticed an ice beast
  3406 | D:3      | Killed an ice beast
  3407 | D:3      | Reached XP level 7. HP: 51/51 MP: 11/11
  3652 | D:4      | Killed Grinder
  3707 | D:4      | Noticed Edmund
  3753 | D:4      | Slain by Edmund

Illustrated notes

Levels and vault maps discovered:
D:1:      dpeg_cavernosity, layout_rooms, serial_shops, nicolae_shop_trees
D:2:      layout_basic, serial_shops, nicolae_square_shop, uniq_sigmund,
          uniq_jessica
D:3:      minmay_door_path, layout_loops_ring, okawaru_altar_gauntlet_db,
          uniq_natasha, uniq_ijyb, uniq_crazy_yiuf_cottage
D:4:      cheibrodos_quashed, layout_cave_pools, uniq_edmund, uniq_grinder

Skill      XL: |  1  2  3  4  5  6  7 |
---------------+----------------------+-----
Fighting       | 1 2 3 |  3.3
Short Blades   | 2 3 4 |  4.7
Stealth        | 5 6 |  6.1
Hexes          | 5 6 |  6.0
Evocations     | 1 2 |  2.0
Dodging        | 3 |  3.5
Spellcasting   | 3 |  3.0

Action                     |  1- 3 |  4- 6 |  7- 9 || total
---------------------------+-------+-------+-------++-------
  Melee: Dagger            |   121 |   136 |    48 ||   305
         Punch             |     2 |     2 |     1 ||     5
         Bite              |     8 |    13 |     6 ||    27
   Cast: Ensorcelled Hiber |     9 |    16 |     1 ||    26
         Confusing Touch   |     1 |     3 |     4 ||     8
    Use: Scroll            |       |     4 |       ||     4
   Stab: Sleeping          |    13 |    23 |     2 ||    38
         Confused          |     1 |     2 |     4 ||     7
         Distracted        |       |     1 |       ||     1
 Armour: Robe              |    27 |    22 |     1 ||    50
  Dodge: Dodged            |    82 |    60 |    24 ||   166

Table legend: (Time is in decaauts)
 A = Elapsed time spent in this place.
 B = Non-inter-level travel time spent in this place.
 C = Inter-level travel time spent in this place.
 D = Time resting spent in this place.
 E = Time spent auto-exploring this place.
 F = Levels seen in this place.
 G = Mean time per level.
                   A        B        C        D        E       F      G
               +--------+--------+--------+--------+--------+-----+--------+
         Total |   3711 |   3398 |    313 |    144 |   2489 |   4 |  927.8 |
       Dungeon |   3711 |   3398 |    313 |    144 |   2489 |   4 |  927.8 |
               +--------+--------+--------+--------+--------+-----+--------+

Top non-repeatable levels by time:
     D:3: 1146 daAuts
     D:1: 1017 daAuts
     D:2: 929 daAuts
     D:4: 617 daAuts
